 Dungeon Crawl Stone Soup version 0.25-a0-566-g062765be81 (webtiles) character file.

Game seed: 14641856418896301507, levelgen mode: classic

70194 EnegeticOcto the Pandemonic (level 14, -36/138 HPs)
             Began as a Deep Dwarf Fighter on Feb 28, 2020.
             Was a High Priest of Makhleb.
             Killed from afar by a blizzard demon (43 damage)
             ... with a bolt of lightning
             ... summoned by the player character
             ... on level 4 of the Spider Nest.
             The game lasted 00:11:54 (12837 turns).

EnegeticOcto the Pandemonic (Deep Dwarf Fighter)   Turns: 12837, Time: 00:11:54

Health: -36/138    AC: 21    Str: 27    XL:     14   Next: 93%
Magic:  6/6        EV: 14    Int: 13    God:    Makhleb [*****.]
Gold:   999        SH: 14    Dex: 15    Spells: 13/13 levels left

rFire    + . .     SeeInvis .   u - +0 war axe (flame)
rCold    . . .     Gourm    .   c - +1 kite shield
rNeg     + + .     Faith    .   y - +6 chain mail of the Heavens {Str+3 Int+4 Stlth+}
rPois    +         Spirit   .   z - +1 hat
rElec    .         Reflect  .   H - +0 cloak of Inference {rPois rN+ rCorr Str-4}
rCorr    +         Harm     .   f - +0 pair of gloves
MR       ++...                  (no boots)
Stlth    ..........             F - amulet "Cickapp" {Acrobat rF+ Dex+3}
HPRegen  0.00/turn              (no ring)
MPRegen  0.10/turn              r - +3 ring of strength

@: lethally poisoned (-36 -> -36), non-regenerating
A: damage resistance, heal wounds, horns 1, negative energy resistance 1, sense
surroundings 2, poison resistance, no regeneration
a: Heal Wounds, Minor Destruction, Lesser Servant of Makhleb, Major Destruction,
Greater Servant of Makhleb, Renounce Religion


You were on level 4 of the Spider Nest.
You worshipped Makhleb.
Makhleb was extremely pleased with you.
You were not hungry.

You visited 3 branches of the dungeon, and saw 22 of its levels.
You also visited: Gauntlet and Volcano.

You collected 999 gold pieces.

Inventory:

Hand Weapons
 b - a +0 demon trident
 u - a +0 war axe of flaming (weapon)
Missiles
 g - 3 throwing nets (quivered)
Armour
 c - a +1 kite shield (worn)
 d - a scarf of spirit shield
 f - a +0 pair of gloves (worn)
 i - a +3 plate armour
 y - the +6 chain mail of the Heavens (worn) {Str+3 Int+4 Stlth+}
   (You found it on level 1 of the Lair of Beasts)

   It affects your strength (+3).
   It affects your intelligence (+4).
   It makes you more stealthy.
   If you remove this armour, your AC will decrease by 18 (21 -> 3).
 z - a +1 hat (worn)
 H - the +0 cloak of Inference (worn) {rPois rN+ rCorr Str-4}
   (You found it in a Gauntlet)

   It affects your strength (-4).
   It protects you from poison.
   It protects you from negative energy.
   It provides partial protection from all sources of acid and corrosion.
   If you remove this armour, your AC will decrease by 1 (21 -> 20).
Jewellery
 r - a +3 ring of strength (right hand)
 x - an uncursed ring of see invisible {unknown}
 F - the amulet "Cickapp" (around neck) {Acrobat rF+ Dex+3}
   (You found it in a Gauntlet)

   [amulet of the acrobat]

   It helps you evade while moving and waiting.
   It affects your dexterity (+3).
   It protects you from fire.
 I - the ring "Butontao" {rElec rF+ rC+++ Str-5 Dex+5}
   (You took it off a minotaur in a Gauntlet)

   [ring of protection from fire]

   It affects your strength (-5).
   It affects your dexterity (+5).
   It protects you from fire.
   It renders you almost immune to cold.
   It insulates you from electricity.
 M - an uncursed ring of protection from fire
Wands
 p - a wand of flame (24)
 v - a wand of acid (7) {@v1}
 D - a wand of paralysis (20)
 E - a wand of polymorph (4)
 K - a wand of iceblast (4)
Scrolls
 a - 9 scrolls of teleportation {@r2}
 l - 2 scrolls of remove curse {@r6}
 s - 2 scrolls of enchant weapon
 t - 6 scrolls of fear
 w - a scroll of blinking {@r3}
 A - a scroll of vulnerability
 B - a scroll of magic mapping {@r5}
 L - 2 scrolls of enchant armour
Potions
 h - 5 potions of lignification {@q7}
 j - 4 potions of stabbing {@q5}
 k - 3 potions of might {@q3}
 m - a potion of resistance {@q6}
 n - 3 potions of haste {@q4}
 o - 3 potions of brilliance
 q - 8 potions of heal wounds {@q2}
 C - 2 potions of cancellation
 G - a potion of invisibility
 N - a potion of berserk rage
 O - a potion of flight {unknown}
Miscellaneous
 J - a lamp of fire
Comestibles
 e - 26 rations


   Skills:
 * Level 12.2 Fighting
 * Level 14.0 Axes
 + Level 10.7 Armour
 + Level 10.2 Dodging
 + Level 10.7 Shields
 * Level 14.2 Invocations


You had 13 spell levels left.
You didn't know any spells.
Your spell library was empty.

Dungeon Overview and Level Annotations

Branches:
Dungeon (12/15)            Temple (0/1) D:4            Lair (6/6) D:10
 Shoals (0/4) Lair:3       Spider (4/4) Lair:2        Slime (0/5) Lair:6
    Orc (0/2) D:9         Volcano (visited)         Gauntlet (visited)

Altars:
Ashenzari
Cheibriados
Dithmenos
Elyvilon
Kikubaaqudgha
Makhleb
Qazlal
Ru
Trog
Wu Jian

Shops:
D:5 (   D:7 (

Portals:
Trove: D:10 (give +6 demon trident)

Annotations:
Lair:2 exclusion: 2 oklob plants


Innate Abilities, Weirdness & Mutations

You are resistant to damage.
You can heal yourself by infusing magical energy.
You resist negative energy. (rN+)
You passively map the area around you.
You do not regenerate.
You have a pair of small horns on your head.
Your system is resistant to poisons. (rPois)


Message History

Your Executioner hits the wolf spider but does no damage.
Your Executioner hits the wolf spider.
The wolf spider dies!
Makhleb accepts your kill. The wolf spider barely misses you.
The wolf spider bites you but does no damage.
You slash the wolf spider! You burn the wolf spider.
The wolf spider is moderately wounded.
You slash the wolf spider! You burn the wolf spider.
You block the wolf spider's attack. x3
The wolf spider splashes around in the water.
Your chain mail of the Heavens prevents you from hitting the wolf spider.
You headbutt the wolf spider!
The wolf spider is heavily wounded.
You slash the wolf spider! You burn the wolf spider.
The wolf spider hits you but does no damage.
The wolf spider barely misses you.
Your Executioner hits the wolf spider!! Your Executioner hits the wolf spider.
Your Executioner closely misses the wolf spider.
The wolf spider hits you! The wolf spider closely misses you.
Your Executioner hits the wolf spider. Your Executioner hits the wolf spider!
The wolf spider dies!
Makhleb accepts your kill.
Your Executioner hits the wolf spider. x2
Your Executioner hits the wolf spider! The wolf spider hits your Executioner!
The wolf spider bites your Executioner!
Your Executioner dies!
A redback comes into view.
You see here a redback corpse.
You closely miss the emperor scorpion.
You headbutt the emperor scorpion, but do no damage.
You slash the wolf spider! You burn the wolf spider.
You block the emperor scorpion's attack.
The emperor scorpion claws you! The emperor scorpion claws you.
You hit the wolf spider. You burn the wolf spider.
The wolf spider is almost dead.
You hit the emperor scorpion. You burn the emperor scorpion.
You block the wolf spider's attack.
The wolf spider bites you but does no damage.
The emperor scorpion stings you!
You are poisoned.
The emperor scorpion poisons you!
The emperor scorpion claws you but does no damage.
The emperor scorpion closely misses you.
The wolf spider barely misses you. You block the wolf spider's attack.
You hit the wolf spider. You burn the wolf spider.
The wolf spider is almost dead.
You hit the emperor scorpion but do no damage.
You feel very sick.
The wolf spider hits you but does no damage.
You block the wolf spider's attack. The emperor scorpion stings you!!
You block the emperor scorpion's attack. x2
A demon appears!
It doesn't seem very happy.
You feel sick. You block the wolf spider's attack. The wolf spider bites you!
* * * LOW HITPOINT WARNING * * *
The emperor scorpion closely misses you.
The emperor scorpion claws you but does no damage.
You block the emperor scorpion's attack.
A demon appears!
You feel very sick. You block the wolf spider's attack.
The wolf spider bites you but does no damage.
A wolf spider comes into view.
The wolf spider barely misses you.
The wolf spider bites you but does no damage.
The emperor scorpion completely misses you.
The emperor scorpion claws you but does no damage.
The emperor scorpion claws you.
You feel much better.
You feel sick.
The wolf spider hisses angrily.
The redback barely misses you.
The wolf spider hits you but does no damage.
The wolf spider completely misses you.
The redback bites you but does no damage.
You block the blizzard demon's attack. The blizzard demon hits you!
Your green death gestures at the wolf spider.
The poison arrow hits the wolf spider!!
The wolf spider looks as sick as possible!
The wolf spider dies!
Makhleb accepts your kill.
You block the emperor scorpion's attack.
The emperor scorpion barely misses you. x2
You feel much better.
You feel sick. The redback bites you.
You block the blizzard demon's attack. x2; The emperor scorpion stings you.
The emperor scorpion barely misses you.
The emperor scorpion closely misses you.
You feel sick. The redback completely misses you.
You block the blizzard demon's attack. The blizzard demon closely misses you.
A demon appears!
The redback bites you but does no damage.
Your green death gestures at the emperor scorpion.
The poison arrow hits the redback!!!
The redback looks as sick as possible!
The redback dies!
Makhleb accepts your kill. The blizzard demon gestures at you.
The bolt of lightning hits you!!!
* * * LOW HITPOINT WARNING * * *
The bolt of lightning hits you!!!
You die...

* ≈≈ #..# * * , ,* #...* *,
, , ≈ #... * , *, * #≈.#
####..}.... * * ≈ ,,#..#
#...$....... , #..#
,.....#....# * ,
,,#2s###^#......... ,
##2†s##. .......##.. **,
*,≈,#≈.@2##§##.§§#.#.... ,
#≈.≈###.§§§§§§...... #^
##≈..# #§§§§§§§^.....
#..####≈≈..# #.§§§§§#§.....
#≈....≈≈.^####^#...#§.§....
#...†...†..###<.....§.....
#...^......###.......#....
###.^^≈.#...##..#......^.†
##≈.≈##...^.#........##.


You could see an emperor scorpion, a blizzard demon, a wolf spider and 2
friendly green deaths.

Vanquished Creatures
  Gastronok (Lair:3)
  An entropy weaver (Spider:1)
  Nessos (Lair:5)
  A green death (Gauntlet)
  Snorg (Lair:3)
  6 hydras
  A death knight (D:11)
  Urug (D:10)
  A skeletal warrior (D:11)
  A manticore (D:12)
  3 orb spiders
  10 wolf spiders
  A cyclops (D:11)
  7 black mambas
  A moth of wrath (Spider:2)
  14 elephants
  A torpor snail (Lair:6)
  2 gargoyles
  4 komodo dragons
  5 rime drakes
  15 spiny frogs
  6 demonic crawlers
  An ice devil (Gauntlet)
  14 jumping spiders
  A troll (D:11)
  4 hornets
  22 blink frogs
  A meliai zombie (D:11)
  4 dream sheep (Lair:5)
  4 hippogriffs
  2 tarantellas
  A wyvern (Lair:5)
  37 yaks
  A spriggan (D:8)
  28 redbacks
  3 hungry ghosts
  2 wargs (D:10)
  12 water moccasins
  An acid dragon (D:11)
  A soldier ant (D:10)
  An ice beast (D:6)
  4 orc warriors
  7 porcupines
  A sky beast (D:10)
  2 black bears
  4 phantoms
  An eye of draining (D:11)
  3 ogres
  3 centaurs
  8 crocodiles
  9 wolves
  18 bullfrogs
  A wyvern zombie (D:9)
  6 scorpions
  18 killer bees
  3 wights (D:11)
  4 howler monkeys
  An electric eel (Lair:3)
  4 crimson imps
  3 bullfrog zombies
  5 jellies
  2 centaur skeletons
  10 orc priests
  3 hounds
  2 bullfrog skeletons
  6 orc wizards
  A gnoll shaman (D:7)
  4 iguanas
  Natasha (twice) (D:3)
  7 worker ants
  A hound zombie (D:6)
  A worker ant zombie (D:11)
  14 adders
  7 gnolls
  A shadow imp (D:5)
  3 white imps (Gauntlet)
  An ooze (D:5)
  An adder zombie (D:9)
  2 worms
  A dart slug (D:1)
  A leopard gecko (D:8)
  31 orcs
  3 giant cockroaches
  3 goblins
  A hobgoblin (D:1)
  11 jackals
  3 quokkas
  5 bats
  4 frilled lizards
  A giant cockroach zombie (D:6)
  3 kobolds
  A leopard gecko skeleton (D:6)
  4 rats
  6 fungi
  8 plants
483 creatures vanquished.

Vanquished Creatures (collateral kills)
  An entropy weaver (Spider:3)
  A minotaur (Gauntlet)
  2 skeletal warriors (D:11)
  4 orb spiders
  An ugly thing (D:12)
  7 wolf spiders
  2 demonic crawlers (Spider:3)
  7 jumping spiders
  A hornet (Spider:3)
  A centaur simulacrum (D:12)
  10 redbacks
  2 tarantellas
  An orc warrior (D:12)
  A sky beast (D:12)
  A centaur (D:11)
  A crimson imp (D:12)
  An orc wizard (D:12)
  2 iguanas (D:12)
  2 orcs (D:12)
48 creatures vanquished.

Vanquished Creatures (others)
  A tarantella (Spider:3)
  10 fungi
  4 plants (Lair:4)
  A withered plant (Gauntlet)
16 creatures vanquished.

Grand Total: 547 creatures vanquished

Notes
Turn   | Place    | Note
-------+----------+-------------------------------------------
     0 | D:1      | EnegeticOcto the Deep Dwarf Fighter began the quest for the
                  | Orb.
     0 | D:1      | Reached XP level 1. HP: 20/20 MP: 1/1
    49 | D:2      | Found a faded altar of an unknown god.
    98 | D:2      | Found a shattered altar of Ashenzari.
   115 | D:2      | Reached XP level 2. HP: 28/28 MP: 2/2
   192 | D:2      | Found a burning altar of Makhleb.
   208 | D:2      | Reached skill level 1 in Dodging
   208 | D:2      | Reached XP level 3. HP: 19/34 MP: 3/3
   214 | D:2      | Became a worshipper of Makhleb the Destroyer
   372 | D:3      | Reached XP level 4. HP: 35/42 MP: 4/4
   523 | D:3      | Reached skill level 1 in Invocations
   551 | D:3      | Reached * piety under Makhleb
   563 | D:3      | Noticed Natasha
   567 | D:3      | Killed Natasha
   567 | D:3      | Reached XP level 5. HP: 49/49 MP: 3/5
   621 | D:3      | Noticed Natasha
   634 | D:3      | Killed Natasha
   898 | D:4      | Reached XP level 6. HP: 27/57 MP: 6/6
   948 | D:4      | Found a staircase to the Ecumenical Temple.
  1022 | D:4      | Found a sacrificial altar of Ru.
  1492 | D:5      | Entered Level 5 of the Dungeon
  1889 | D:5      | Found a shadowy altar of Dithmenos.
  1948 | D:5      | Found Cous's Weapon Emporium.
  1954 | D:5      | Reached XP level 7. HP: 51/64 MP: 7/7
  2022 | D:5      | Found a bloodstained altar of Trog.
  2022 | D:5      | Found a stormy altar of Qazlal.
  2027 | D:5      | Found an ancient bone altar of Kikubaaqudgha.
  2029 | D:5      | Found a snail-covered altar of Cheibriados.
  2031 | D:5      | Found a shadowy altar of Dithmenos.
  2266 | D:6      | Gained mutation: You are agile. (Dex +2) [potion of
                  | mutation]
  2266 | D:6      | Gained mutation: Scrolls take you a little longer to read.
                  | [potion of mutation]
  2266 | D:6      | Gained mutation: You expend magic power (3 MP) to
                  | strengthen your wands. [potion of mutation]
  2267 | D:6      | Lost mutation: You expend magic power (3 MP) to strengthen
                  | your wands. [potion of mutation]
  2267 | D:6      | Lost mutation: You are agile. (Dex +2) [potion of mutation]
  2267 | D:6      | Lost mutation: Scrolls take you a little longer to read.
                  | [potion of mutation]
  2267 | D:6      | Gained mutation: Scrolls take you a little longer to read.
                  | [potion of mutation]
  2267 | D:6      | Gained mutation: You expend magic power (3 MP) to
                  | strengthen your wands. [potion of mutation]
  2267 | D:6      | Gained mutation: You have a pair of small antennae on your
                  | head. [potion of mutation]
  2281 | D:6      | Reached ** piety under Makhleb
  2319 | D:6      | Reached skill level 5 in Axes
  2351 | D:6      | Reached skill level 5 in Fighting
  2427 | D:6      | You fall into a shaft and drop 1 floor!
  2458 | D:7      | Reached XP level 8. HP: 70/74 MP: 7/7
  2501 | D:6      | Reached skill level 5 in Armour
  2518 | D:6      | Reached skill level 5 in Shields
  2857 | D:6      | Found Okoinuen's General Store.
  3271 | D:7      | Found Qailol's Weapon Shoppe.
  3374 | D:7      | You fall into a shaft and drop 1 floor!
  3580 | D:7      | Gained mutation: You passively map the area around you.
                  | [Deep Dwarf growth]
  3580 | D:7      | Reached XP level 9. HP: 35/82 MP: 8/8
  3591 | D:7      | Reached skill level 5 in Invocations
  4596 | D:9      | Reached *** piety under Makhleb
  4697 | D:9      | Reached skill level 5 in Dodging
  4878 | D:9      | Reached XP level 10. HP: 73/94 MP: 7/7
  4914 | D:9      | Found a staircase to the Orcish Mines.
  4991 | D:9      | Found an ornate altar of the Wu Jian Council.
  4997 | D:9      | Found a white marble altar of Elyvilon.
  5307 | D:10     | Entered Level 10 of the Dungeon
  5312 | D:10     | Found a staircase to the Lair.
  5357 | D:10     | Found a portal to a secret trove of treasure.
  5411 | D:10     | Reached **** piety under Makhleb
  5451 | D:10     | Noticed Urug
  5469 | D:10     | Killed Urug
  5643 | D:10     | Lost mutation: You have a pair of small antennae on your
                  | head. [potion of mutation]
  5643 | D:10     | Lost mutation: You expend magic power (3 MP) to strengthen
                  | your wands. [potion of mutation]
  5643 | D:10     | Lost mutation: Scrolls take you a little longer to read.
                  | [potion of mutation]
  5643 | D:10     | Gained mutation: Scrolls take you a little longer to read.
                  | [potion of mutation]
  5643 | D:10     | Gained mutation: You evolve. [potion of mutation]
  6226 | D:11     | Noticed a gargoyle
  6240 | D:11     | Killed a gargoyle
  6334 | D:11     | Noticed a cyclops
  6340 | D:11     | Killed a cyclops
  6340 | D:11     | Reached XP level 11. HP: 73/104 MP: 8/8
  6608 | D:11     | Noticed a skeletal warrior
  6609 | D:11     | Noticed a skeletal warrior
  6609 | D:11     | Noticed a skeletal warrior
  6642 | D:11     | Killed a skeletal warrior
  6642 | D:11     | Reached skill level 10 in Axes
  6646 | D:11     | Killed a skeletal warrior
  6664 | D:11     | Killed a skeletal warrior
  6787 | D:11     | Noticed a death knight
  6798 | D:11     | Killed a death knight
  7183 | D:12     | Noticed a white ugly thing
  7195 | D:12     | Killed a white ugly thing
  7447 | D:12     | Lost mutation: Scrolls take you a little longer to read.
                  | [potion of mutation]
  7447 | D:12     | Lost mutation: You evolve. [potion of mutation]
  7447 | D:12     | Gained mutation: You have a pair of small horns on your
                  | head. [potion of mutation]
  7447 | D:12     | Gained mutation: Your system is resistant to poisons.
                  | (rPois) [potion of mutation]
  7549 | Lair:1   | Entered Level 1 of the Lair of Beasts
  8076 | Lair:1   | Found a dark tunnel.
  8081 | Volcano  | Entered a volcano
  8134 | Lair:1   | Got a shimmering chain mail
  8145 | Lair:1   | Identified the +6 chain mail of the Heavens {Str+3 Int+4
                  | Stlth+} (You found it on level 1 of the Lair of Beasts)
  8396 | Lair:2   | Reached XP level 12. HP: 86/115 MP: 8/8
  8432 | Lair:2   | Reached ***** piety under Makhleb
  8436 | Lair:2   | Noticed a six-headed hydra
  8444 | Lair:2   | Killed a one-headed hydra
  8491 | Lair:2   | Reached skill level 10 in Invocations
  8679 | Lair:2   | Found a hole to the Spider Nest.
  9287 | Lair:3   | Noticed a seven-headed hydra
  9294 | Lair:3   | Killed a two-headed hydra
  9294 | Lair:3   | Reached skill level 10 in Fighting
  9355 | Lair:3   | Noticed Gastronok
  9376 | Lair:3   | Killed Gastronok
  9661 | Lair:3   | Found a staircase to the Shoals.
  9765 | Lair:3   | Noticed Snorg
  9778 | Lair:3   | Killed Snorg
 10070 | Lair:4   | Reached XP level 13. HP: 123/124 MP: 10/10
 11024 | Lair:5   | Found a gate leading to a gauntlet.
 11034 | Gauntlet | Entered a Gauntlet
 11034 | Gauntlet | Found a transporter.
 11034 | Gauntlet | Found a transporter.
 11036 | Gauntlet | Found a transporter.
 11037 | Gauntlet | Found a transporter.
 11037 | Gauntlet | Found a transporter.
 11038 | Gauntlet | Found a large runed translucent door.
 11039 | Gauntlet | Found a large runed translucent door.
 11040 | Gauntlet | Found a large runed translucent door.
 11040 | Gauntlet | Found a large runed translucent door.
 11040 | Gauntlet | Found a transporter.
 11040 | Gauntlet | Found a runed translucent door.
 11041 | Gauntlet | Found a large runed translucent door.
 11042 | Gauntlet | Found a large runed translucent door.
 11043 | Gauntlet | Found a large runed translucent door.
 11043 | Gauntlet | Found a large runed translucent door.
 11044 | Gauntlet | Found a runed translucent gate.
 11044 | Gauntlet | Found a runed translucent gate.
 11046 | Gauntlet | Found a transporter.
 11049 | Gauntlet | Found a transporter.
 11051 | Gauntlet | Found a transporter.
 11051 | Gauntlet | Found a transporter.
 11058 | Gauntlet | Noticed a green death
 11059 | Gauntlet | Found a transporter.
 11060 | Gauntlet | Found a transporter.
 11140 | Gauntlet | Found a large runed translucent door.
 11141 | Gauntlet | Found a large runed translucent door.
 11142 | Gauntlet | Found a large runed translucent door.
 11142 | Gauntlet | Found a large runed translucent door.
 11142 | Gauntlet | Found a runed translucent door.
 11143 | Gauntlet | Found a large runed translucent door.
 11144 | Gauntlet | Found a large runed translucent door.
 11145 | Gauntlet | Found a large runed translucent door.
 11145 | Gauntlet | Found a large runed translucent door.
 11146 | Gauntlet | Found a runed translucent gate.
 11269 | Gauntlet | Killed a green death
 11277 | Gauntlet | Got a vibrating steel amulet
 11281 | Gauntlet | Got a smoking cloak
 11287 | Gauntlet | Identified the +0 cloak of Inference {rPois rN+ rCorr
                  | Str-4} (You found it in a Gauntlet)
 11287 | Gauntlet | Identified the amulet "Cickapp" {Acrobat rF+ Dex+3} (You
                  | found it in a Gauntlet)
 11324 | Gauntlet | Identified the ring "Butontao" {rElec rF+ rC+++ Str-5
                  | Dex+5}
 11324 | Gauntlet | Noticed a minotaur
 11339 | Gauntlet | Killed a minotaur
 11494 | Lair:6   | Entered Level 6 of the Lair of Beasts
 11647 | Lair:6   | Reached skill level 10 in Armour
 11787 | Lair:6   | Reached skill level 10 in Shields
 11823 | Lair:6   | Gained mutation: You resist negative energy. (rN+) [Deep
                  | Dwarf growth]
 11823 | Lair:6   | Reached XP level 14. HP: 135/135 MP: 11/11
 11858 | Lair:6   | Reached ****** piety under Makhleb
 12025 | Lair:6   | Found a staircase to the Slime Pits.
 12091 | Lair:5   | Noticed Nessos
 12105 | Lair:5   | Killed Nessos
 12231 | Spider:1 | Entered Level 1 of the Spider Nest
 12231 | Spider:1 | Noticed an entropy weaver
 12247 | Spider:1 | Killed an entropy weaver
 12507 | Spider:3 | Noticed an entropy weaver
 12534 | Spider:3 | Killed an entropy weaver
 12551 | Spider:3 | Paralysed by a hornet for 2 turns
 12593 | Spider:4 | Entered Level 4 of the Spider Nest
 12619 | Spider:4 | Reached skill level 10 in Dodging
 12821 | Spider:4 | Noticed an emperor scorpion
 12837 | Spider:4 | Killed from afar by a blizzard demon

Levels and vault maps discovered:
D:1:      onia_arrival_pentagram, layout_basic
D:2:      layout_loops_ring, evilmike_ruin_ashenzari,
          chequers_ecumenical_altar_simple_redux, makhleb_blood_cavern_becter
D:3:      layout_rooms, first_ration, uniq_natasha
D:4:      layout_loops_corners, nicolae_ru_awakened_eye,
          minmay_temple_entry_slanted, minivault_1, grunt_ministairs_4
D:5:      layout_loops_ring, chequers_temple_overflow_minitemple, serial_shops,
          shop, chequers_mini_garden, nicolae_dithmenos_shadow_blocks
D:6:      layout_loops_ring, serial_shops, nicolae_shop_stone, minivault_5,
          hangedman_glass_teeth, minmay_chambers_of_fives
D:7:      layout_rooms, serial_shops, shop_fountains, serial_curves,
          eino_curves_02, eino_curves_04
D:8:      layout_gridville, grunt_pizzeria
D:9:      layout_basic, minitemple, david_orc_3
D:10:     layout_loops_ring, erik_lair_orcish_takeover, enter_trove_1, uniq_urug
D:11:     layout_grid_maze
D:12:     layout_irregular_city, basic_altar, minmay_quadrilaterals
Lair:1:   layout_chaotic_city, enter_volcano_4, cheibrodos_lair_reptile_den
Lair:2:   layout_regular_city, spider_nest_entry_web_field,
          serial_bayou_shore_b, minmay_lair_oklob_chamber
Lair:3:   layout_gridlike, elwin_shoals_entry_rooms, infiniplex_staircase_pool,
          uniq_gastronok, uniq_snorg
Lair:4:   layout_cave_pods, lemuel_fruit_tree
Lair:5:   layout_regular_city, gauntlet_entry_generic, st_stairs_11,
          grunt_megastairs_4, uniq_nessos
Lair:6:   evilmike_catoblepas_cave, layout_loops_ring, slime_dummy
Spider:1: gammafunk_the_bubble [the_bubble_gammafunk_crates], drop_trap,
          einodemon_crawler_minivault
Spider:2: layout_spider_delve
Spider:3: layout_spider_delve, portal_ice_cave_entry_pillars_1
Spider:4: grunt_spider_rune_circles

Skill      XL: |  1  2  3  4  5  6  7  8  9 10 11 12 13 14 |
---------------+-------------------------------------------+-----
Fighting       | 3 4 5 6 7 8 9 10 11 12 | 12.2
Dodging        | 1 2 3 4 5 6 7 8 9 10 | 10.2
Axes           | 3 4 5 6 8 9 10 12 13 14 | 14.0
Invocations    | 1 2 3 4 6 7 9 11 12 14 | 14.2
Armour         | 4 5 6 7 8 9 10 | 10.7
Shields        | 4 5 6 7 8 9 10 | 10.7

Action                   |  1- 3 |  4- 6 |  7- 9 | 10-12 | 13-15 || total
-------------------------+-------+-------+-------+-------+-------++-------
Melee: War axe           |    73 |   144 |   437 |   708 |   721 ||  2083
       Headbutt          |       |       |       |    78 |   217 ||   295
Invok: Lesser Servant of |       |       |       |     6 |    15 ||    21
       Greater Servant o |       |       |       |       |     6 ||     6
 Abil: Heal Wounds       |     1 |     3 |     9 |    12 |    15 ||    40
Evoke: Wand              |       |       |       |       |     1 ||     1
  Use: Scroll            |     1 |     6 |     8 |     7 |     6 ||    28
       Potion            |       |       |     3 |     2 |     4 ||     9
 Stab: Distracted        |       |       |       |     2 |     4 ||     6
       Paralysed         |       |       |       |       |     8 ||     8
       Held in net/web   |       |       |       |       |     1 ||     1
  Eat: Chunk             |       |     4 |     5 |    20 |     9 ||    38
       Ration            |       |       |     7 |     3 |     1 ||    11
Armor: Scale mail        |    35 |    27 |       |       |       ||    62
       Chain mail        |       |    33 |    63 |    75 |   480 ||   651
       Plate armour      |       |       |   135 |   236 |       ||   371
Dodge: Dodged            |    13 |    40 |   172 |   243 |   545 ||  1013
Block: Kite shield       |    38 |    86 |   321 |   510 |   746 ||  1701

Table legend:
 A = Non-vault XP
 B = Vault XP
 C = Vault XP percentage of total XP
 D = Non-vault monster count
 E = Vault monster count
 F = Vault count percentage of total count
                 A         B        C        D         E       F
            +---------+---------+-------+---------+---------+-------
      Total |   83294 |   16984 |  16.9 |     451 |      67 |  12.9
            +---------+---------+-------+---------+---------+-------
        D:1 |       9 |       0 |   0.0 |       5 |       0 |   0.0
        D:2 |      18 |      42 |  70.0 |       4 |       1 |  20.0
        D:3 |     150 |      35 |  18.9 |      23 |       1 |   4.2
        D:4 |     113 |     124 |  52.3 |       6 |       5 |  45.5
        D:5 |     257 |       0 |   0.0 |      13 |       0 |   0.0
        D:6 |    1363 |     144 |   9.6 |      35 |       4 |  10.3
        D:7 |     890 |       0 |   0.0 |      17 |       0 |   0.0
        D:8 |     354 |     211 |  37.3 |       9 |       1 |  10.0
        D:9 |    2938 |     174 |   5.6 |      29 |       7 |  19.4
       D:10 |    1286 |    1315 |  50.6 |      20 |       7 |  25.9
       D:11 |    6126 |       0 |   0.0 |      35 |       0 |   0.0
       D:12 |    2699 |       0 |   0.0 |      25 |       0 |   0.0
     Lair:1 |    2398 |     776 |  24.4 |       9 |       7 |  43.8
     Lair:2 |    6855 |       0 |   0.0 |      30 |       0 |   0.0
     Lair:3 |    4931 |    3584 |  42.1 |      21 |       2 |   8.7
     Lair:4 |   11337 |       0 |   0.0 |      32 |       0 |   0.0
     Lair:5 |    3290 |    3395 |  50.8 |      18 |       8 |  30.8
     Lair:6 |   12599 |       0 |   0.0 |      35 |       0 |   0.0
   Spider:1 |    9432 |       0 |   0.0 |      24 |       0 |   0.0
   Spider:2 |    4169 |       0 |   0.0 |      17 |       0 |   0.0
   Spider:3 |    5194 |       0 |   0.0 |      20 |       0 |   0.0
   Spider:4 |    6886 |    4641 |  40.3 |      24 |      18 |  42.9
   Gauntlet |       0 |    2543 | 100.0 |       0 |       6 | 100.0
            +---------+---------+-------+---------+---------+-------
